 Dungeon Crawl Stone Soup version 0.29-a0-2-g12fcac58f8 (webtiles) character file.

Game seed: 10692605032294167583

1045 HallandMoats the Skirmisher (level 8, -1/73 HPs)
             Began as a Ghoul Monk on Jan 27, 2022.
             Was a Priest of Okawaru.
             Shot with an arrow by a centaur (6 damage)
             ... on level 5 of the Dungeon.
             The game lasted 00:06:05 (5619 turns).

HallandMoats the Skirmisher (Ghoul Monk)            Turns: 5619, Time: 00:06:05

Health: -1/73      AC: 12    Str: 15    XL:     8   Next: 25%
Magic:  8/8        EV:  5    Int:  5    God:    Okawaru [***...]
Gold:   218        SH:  5    Dex: 19    Spells: 7/7 levels left

rFire   . . .      SeeInvis .     - Unarmed
rCold   + . .      Faith    .   (no shield)
rNeg    + + +      Spirit   .   q - +0 plate armour
rPois   ∞          Reflect  +   l - +0 helmet
rElec   .          Harm     .   (no cloak)
rCorr   .          Rampage  .   (no gloves)
Will    .....                   (no boots)
Stlth   ..........              s - amulet of reflection
HPRegen 0.00/turn               f - +4 ring of slaying
MPRegen 0.11/turn               a - +6 ring of dexterity

@: mighty, inhibited regen
A: claws 1, cold resistance 1, negative energy resistance 3, inhibited
regeneration, torment resistance 2
a: Renounce Religion, Heroism


You were on level 5 of the Dungeon.
You worshipped Okawaru.
Okawaru was most pleased with you.
You visited 2 branches of the dungeon, and saw 6 of its levels.

You collected 218 gold pieces.

Inventory:

Missiles
 j - a throwing net (quivered)
Armour
 l - a +0 helmet (worn)
 q - a +0 plate armour (worn)
Jewellery
 a - a +6 ring of dexterity (right claw)
 f - a +4 ring of slaying (left claw)
 s - an amulet of reflection (around neck)
Scrolls
 b - 5 scrolls of identify {unknown}
 d - a scroll of enchant weapon {unknown}
 e - a scroll of noise {unknown}
 h - 2 scrolls of fog {unknown}
 n - 2 scrolls of magic mapping {unknown}
 o - a scroll of enchant armour {unknown}
 p - a scroll of immolation {unknown}
 r - a scroll of amnesia {unknown}
 u - a scroll of summoning {unknown}
Potions
 c - a potion of might
 g - a potion of haste {unknown}
 i - 2 potions of heal wounds {unknown}
 k - a potion of invisibility {unknown}
 m - 2 potions of mutation {unknown}
 t - a potion of magic {unknown}


   Skills:
 * Level 7.2 Fighting
 + Level 2.1 Armour
 + Level 3.5 Dodging
 - Level 2.1 Stealth
 * Level 7.1 Unarmed Combat
 + Level 2.4 Invocations


You had 7 spell levels left.
You didn't know any spells.
Your spell library was empty.

Dungeon Overview and Level Annotations

Branches:
Dungeon (5/15)             Temple (1/1) D:4

Altars:
Ashenzari
Cheibriados
Dithmenos
Elyvilon
Fedhas
Gozag
Hepliaklqana
Kikubaaqudgha
Makhleb
Nemelex Xobeh
Okawaru
Qazlal
Sif Muna
Trog
Uskayaw
Vehumet
Wu Jian
Xom
Yredelemnul
Zin
The Shining One

Shops:
D:5 (


Innate Abilities, Weirdness & Mutations

You thrive by killing the living.
You are immune to poison.
You have sharp fingernails.
Your flesh is cold resistant. (rC+)
You are immune to negative energy. (rN+++)
You do not regenerate when monsters are visible.
You are immune to unholy pain and torment.


Message History

The orc hits you but does no damage.
The centaur hits you but does no damage.
The centaur kicks you but does no damage.
The two-headed ogre hits you with a +0 giant club!!
The two-headed ogre hits you with a +0 giant spiked club!
You bump into the rock wall.
You feel less confused.
The centaur barely misses you. x2; The orc hits you but does no damage.
The centaur wields a +0 shortbow.
The centaur shoots an arrow.
The arrow barely misses you. The orc hits you but does no damage.
The two-headed ogre barely misses you.
The two-headed ogre hits you but does no damage.
The orc throws a boomerang.
The boomerang barely misses you.
The centaur shoots an arrow.
You reflect the arrow off an invisible shield around you!
The arrow hits the centaur!
The centaur shoots an arrow.
You reflect the arrow off an invisible shield around you!
The arrow barely misses the centaur.
The orc throws a boomerang.
The boomerang hits you but does no damage.
The centaur shoots an arrow.
The arrow barely misses you.
The orc throws a boomerang.
You reflect the boomerang off an invisible shield around you!
The boomerang hits the two-headed ogre.
A magic dart appears from out of thin air!
The magic dart hits you but does no damage.
The centaur shoots an arrow.
The arrow hits you!
* * * LOW HITPOINT WARNING * * *
The centaur shoots an arrow.
The arrow hits you!
* * * LOW HITPOINT WARNING * * *
The centaur shoots an arrow.
You reflect the arrow off an invisible shield around you!
The arrow hits the centaur!
It was a potion of might.
You feel very mighty all of a sudden.
The centaur shoots an arrow.
The arrow hits you but does no damage.
The centaur shoots an arrow.
The arrow hits you.
* * * LOW HITPOINT WARNING * * *
The centaur shoots an arrow.
The arrow hits you.
You die...

..........#.....
#.............#..... #..
#.............+..... #...
+......##...###..... #####..
#......######.......
......########.......#...#.......
......#..............#...#.......
......#..o...........#...')......
..............O.@....#...#.......
...#.......#c....##.##..##.).>...
......#......######.##..#########
..#.....#....# #...............
....#....#..## #...............
...#)..#..†## #...............
..#..#..#...# #...............
.#.#.#.#.#.## #...............
#.##.##.##.# ################


You could see a two-headed ogre, a centaur and an orc.

Vanquished Creatures
  A sky beast (D:4)
  2 ogres (D:5)
  2 scorpions
  3 wights (D:5)
  A howler monkey (D:5)
  A bullfrog zombie (D:5)
  A hound (D:5)
  A bullfrog skeleton (D:5)
  3 orc wizards
  A hound zombie (D:5)
  A hound skeleton (D:4)
  12 adders
  11 gnolls
  2 white imps (D:5)
  16 orcs
  7 endoplasms
  2 giant cockroaches
  3 goblins
  7 hobgoblins
  9 quokkas
  9 ball pythons
  6 bats
  3 frilled lizards
  A kobold (D:1)
  5 rats
110 creatures vanquished.

Notes
Turn   | Place    | Note
-------+----------+-------------------------------------------
     0 | D:1      | HallandMoats the Ghoul Monk began the quest for the Orb.
     0 | D:1      | Reached XP level 1. HP: 19/19 MP: 0/0
   303 | D:1      | Reached XP level 2. HP: 25/26 MP: 1/1
   308 | D:1      | Found a faded altar of an unknown god.
  1627 | D:2      | Reached XP level 3. HP: 26/33 MP: 2/2
  2119 | D:2      | Reached XP level 4. HP: 37/41 MP: 3/3
  2990 | D:3      | Reached XP level 5. HP: 40/47 MP: 4/4
  3078 | D:3      | Reached skill level 5 in Unarmed Combat
  3154 | D:3      | Reached skill level 5 in Fighting
  4156 | D:4      | Reached XP level 6. HP: 56/56 MP: 5/5
  4332 | D:4      | Found a staircase to the Ecumenical Temple.
  4417 | Temple   | Entered the Ecumenical Temple
  4494 | Temple   | Became a worshipper of Warmaster Okawaru
  4494 | Temple   | Reached * piety under Okawaru
  4494 | Temple   | Reached ** piety under Okawaru
  4561 | D:4      | Noticed a sky beast
  4570 | D:4      | Killed a sky beast
  4665 | D:4      | Reached XP level 7. HP: 60/63 MP: 6/6
  4718 | D:4      | Reached skill level 1 in Invocations
  4783 | D:5      | Entered Level 5 of the Dungeon
  4795 | D:5      | Reached skill level 1 in Armour
  5230 | D:5      | Found Arghouwnah's Weapon Boutique.
  5431 | D:5      | Reached *** piety under Okawaru
  5432 | D:5      | Reached XP level 8. HP: 71/71 MP: 8/8
  5593 | D:5      | Noticed a two-headed ogre
  5619 | D:5      | Shot with an arrow by a centaur

Illustrated notes

Levels and vault maps discovered:
D:1:      minmay_arrival_plants_in_alcoves, layout_basic,
          ebering_ecumenical_altar_box
D:2:      layout_basic
D:3:      layout_rooms
D:4:      layout_basic, minmay_temple_entry_arrows, kennysheep_minor_cross,
          nrook_campfire, corexii_checkpoint_a, st_stairs_7,
          chequers_serial_rivers_micro_a
D:5:      layout_gridville, serial_shops, nicolae_shop_statue_plus,
          minmay_increasing_density
Temple:   grunt_wide_crystal_templ

Skill      XL: |  1  2  3  4  5  6  7  8 |
---------------+-------------------------+-----
Fighting       | 4 5 6 7 |  7.2
Unarmed Combat | 4 5 6 7 |  7.1
Invocations    | 2 |  2.4
Armour         | 1 2 |  2.1
Dodging        | 3 |  3.5
Stealth        | |  2.1

Action                   |  1- 3 |  4- 6 |  7- 9 || total
-------------------------+-------+-------+-------++-------
Melee: Unarmed           |    96 |   154 |    84 ||   334
       Punch             |     4 |     9 |     5 ||    18
  Use: Potion            |       |       |     1 ||     1
 Stab: Sleeping          |     7 |     3 |       ||    10
Armor: Robe              |     7 |     6 |       ||    13
       Plate armour      |       |    41 |    56 ||    97
Dodge: Dodged            |    64 |    47 |    26 ||   137
Block: Other             |       |     1 |    19 ||    20
       Reflection        |       |       |     4 ||     4

Table legend: (Time is in decaauts)
 A = Elapsed time spent in this place.
 B = Non-inter-level travel time spent in this place.
 C = Inter-level travel time spent in this place.
 D = Time resting spent in this place.
 E = Time spent auto-exploring this place.
 F = Levels seen in this place.
 G = Mean time per level.
                   A        B        C        D        E       F      G
               +--------+--------+--------+--------+--------+-----+--------+
         Total |   5595 |   5423 |    172 |    640 |   3902 |   6 |  932.5 |
       Dungeon |   5509 |   5370 |    139 |    640 |   3865 |   5 | 1101.8 |
        Temple |     86 |     54 |     32 |      0 |     37 |   1 |   86.0 |
               +--------+--------+--------+--------+--------+-----+--------+

Top non-repeatable levels by time:
     D:1: 1431 daAuts
     D:2: 1334 daAuts
     D:4: 1093 daAuts
     D:3: 1084 daAuts
     D:5: 564 daAuts
  Temple: 86 daAuts
